 Dungeon Crawl Stone Soup version 0.20.1-1-g8b1a95d (webtiles) character file.

35 Lanoc the Insei (level 3, 0/18 HPs)
             Began as a Vine Stalker Transmuter on Dec 16, 2017.
             Succumbed to a gnoll's poison
             ... on level 3 of the Dungeon.
             The game lasted 00:03:23 (1416 turns).

Lanoc the Insei (Vine Stalker Transmuter)           Turns: 1416, Time: 00:03:23

Health: 0/18       AC:  2    Str: 12    XL:     3   Next: 35%
Magic:  6/7        EV: 18    Int: 14    God:
Gold:   124        SH:  0    Dex: 19    Spells: 3/6 levels left

rFire    . . .     SeeInvis .     - Unarmed
rCold    . . .     Gourm    .   (no shield)
rNeg     . . .     Faith    .   b - +0 robe
rPois    .         Spirit   +   (no helmet)
rElec    .         Reflect  .   m - scarf {repulsion}
rCorr    .         Harm     .   (no gloves)
MR       .....                  (no boots)
Stlth    +++.......             (no amulet)
Regen    0.1/turn               (no ring)
MPRegen  0.1/turn               (no ring)

@: agile, lethally poisoned (0 -> -12), very slightly contaminated, repel
missiles
A: fangs 2, magic shield, antimagic bite, no potion heal 3, rot immunity
a: no special abilities


You were on level 3 of the Dungeon.
You were not hungry.

You visited 1 branch of the dungeon, and saw 3 of its levels.

You collected 124 gold pieces.

Inventory:

Missiles
 a - 12 arrows
Armour
 b - a +0 robe (worn)
 m - a scarf of repulsion (worn)
Scrolls
 f - a scroll of enchant armour {unknown}
 i - a scroll of remove curse {unknown}
 l - 4 scrolls of identify {unknown}
Potions
 h - a potion of berserk rage {unknown}
 j - a potion of curing {unknown}
 k - a potion of resistance {unknown}
Books
 c - a book of Changes

   Spells                             Type                      Level
   a - Beastly Appendage              Transmutation                1
   b - Sticks to Snakes               Transmutation                2
   c - Spider Form                    Transmutation/Poison         3
   d - Ice Form                       Ice/Transmutation            4
   e - Blade Hands                    Transmutation                5
Comestibles
 d - 4 bread rations
 n - a meat ration


   Skills:
 + Level 1.4 Fighting
 + Level 1.8 Dodging
 * Level 3.3 Unarmed Combat
 + Level 2.2 Spellcasting
 * Level 2.6 Transmutations


You had 3 spell levels left.
You knew the following spells:

 Your Spells              Type           Power        Failure   Level  Hunger
a - Beastly Appendage     Tmut           #.....       8%          1    #......
b - Sticks to Snakes      Tmut           #.......     12%         2    ###....


Dungeon Overview and Level Annotations

Branches:
Dungeon (3/15)

Altars:
Sif Muna


Innate Abilities, Weirdness & Mutations

You have extremely sharp teeth.
When hurt, damage is shared between your health and your magic reserves.
Your bite disrupts and absorbs the magic of your enemies.
Potions cannot restore your health.
You are immune to rotting.


Message History

You feel sick.
You feel sick.
Your talons disappear.
* * * LOW HITPOINT WARNING * * *
You feel sick.
* * * LOW HITPOINT WARNING * * *
You feel sick.
There is a stone staircase leading down here.
* * * LOW HITPOINT WARNING * * *
You feel sick. The gnoll completely misses you.
You climb downwards.
* * * LOW HITPOINT WARNING * * *
You feel sick.
There is a stone staircase leading up here.
It was a potion of agility.
You feel agile all of a sudden.
* * * LOW HITPOINT WARNING * * *
You feel sick. The gnoll misses you.
It was a potion of heal wounds.
That seemed strangely inert.
You die...

###
..#
#.#
#g#
#@#
###


You could see a gnoll.

Vanquished Creatures
  A gnoll (D:2)
  2 leopard geckos (D:1)
  A giant cockroach (D:1)
  3 goblins
  5 hobgoblins
  2 bats (D:1)
  A frilled lizard (D:1)
  7 kobolds
  A rat (D:1)
23 creatures vanquished.

Notes
Turn   | Place    | Note
-------+----------+-------------------------------------------
     0 | D:1      | Lanoc the Vine Stalker Transmuter began the quest for the Orb.
     0 | D:1      | Reached XP level 1. HP: 9/9 MP: 4/4
   312 | D:1      | Reached skill level 1 in Fighting
   631 | D:1      | Reached XP level 2. HP: 9/14 MP: 3/6
   970 | D:1      | Learned a level 2 spell: Sticks to Snakes
  1244 | D:2      | Found a deep blue altar of Sif Muna.
  1380 | D:2      | Reached XP level 3. HP: 14/18 MP: 7/7
  1416 | D:3      | Succumbed to a gnoll's poison

Skill      XL: |  1 |
---------------+----+-----
Fighting       | 1 |  1.4
Dodging        | |  1.8
Unarmed Combat | |  3.3
Spellcasting   | |  2.2
Transmutations | |  2.6

Action                   || total
-------------------------++-------
Melee: Unarmed           ||    79
       Bite              ||    22
       Headbutt          ||     2
       Kick              ||     5
       Punch             ||     1
 Cast: Beastly Appendage ||     8
  Use: Potion            ||     2
  Eat: Chunk             ||     2
Armor: Robe              ||     9
Dodge: Dodged            ||    38
